 Dungeon Crawl Stone Soup version 0.29.1-12-g30fa7ad0bf (webtiles) character file.

Game seed: 16416096072196621390

2536 DildoBatman the Magician (level 9, -13/69 HPs)
             Began as a Formicid Conjurer on Dec 12, 2022.
             Mangled by a large abomination (23 damage)
             ... on level 2 of the Abyss.
             The game lasted 00:17:18 (5886 turns).

DildoBatman the Magician (Formicid Conjurer)        Turns: 5886, Time: 00:17:19

Health: -13/69     AC: 12    Str: 11      XL:     9   Next: 85%
Magic:  11/20      EV: 11    Int: 25 (26) God:
Gold:   186        SH:  0    Dex: 13      Spells: 17/23 levels left

rFire   + . .      SeeInvis +   a - +1 falchion (vorpal)
rCold   . . .      Faith    +   (no shield)
rNeg    . . .      Spirit   .   n - +5 ring mail "Meod" {*Slow Dex+2 Slay+5}
rPois   .          Reflect  .   (helmet unavailable)
rElec   .          Harm     .   (no cloak)
rCorr   .          Rampage  .   (no gloves)
Will    .....                   f - +0 pair of boots
Stlth   +.........              i - amulet of faith
HPRegen 0.21/turn               (no ring)
MPRegen 0.17/turn               (no ring)

@: no status effects
A: permanent stasis, dig shafts and tunnels, antennae 3, four strong arms,
clever 1, deterioration 1, fire resistance 1, wild magic 1
a: Dig, Shaft Self


You were on level 2 of the Abyss.
You visited 2 branches of the dungeon, and saw 8 of its levels.
You visited the Abyss 1 time.
You also visited: Ossuary.

You collected 286 gold pieces.
You spent 100 gold pieces at shops.

Inventory:

Hand Weapons
 a - a +1 vorpal falchion (weapon)
 b - a +0 shortbow
 v - a +3 mace
Missiles
 u - 5 boomerangs
 x - 3 javelins
Armour
 f - a +0 pair of boots (worn)
 n - the +5 ring mail "Meod" (worn) {*Slow Dex+2 Slay+5}
   (You found it on level 3 of the Dungeon)

   Dex:       It affects your dexterity (+2).
   Slay:      It affects your accuracy & damage with ranged weapons and melee
   (+5).
   *Slow:     It may slow you when you take damage.
Magical Staves
 c - a staff of fire
 e - a staff of conjuration
 o - a staff of earth
Jewellery
 i - an amulet of faith (around neck)
Scrolls
 h - a scroll of summoning {unknown}
 j - a scroll of enchant armour {unknown}
 l - a scroll of fear
 m - a scroll of blinking {unknown}
 t - a scroll of butterflies
 w - a scroll of noise {unknown}
 y - 3 scrolls of enchant weapon
 z - 3 scrolls of identify
 B - a scroll of amnesia {unknown}
 C - a scroll of brand weapon {unknown}
 E - a scroll of immolation {unknown}
Potions
 d - 2 potions of lignification {unknown}
 g - 8 potions of curing
 k - a potion of magic
 p - 2 potions of mutation
 q - a potion of haste {unknown}
 r - 2 potions of berserk rage {unknown}
 s - 2 potions of cancellation {unknown}
 A - a potion of might {unknown}
 D - a potion of brilliance {unknown}
 F - a potion of degeneration {unknown}


   Skills:
 * Level 5.9 Fighting
 * Level 6.0 Armour
 * Level 4.0 Dodging
 - Level 2.4 Stealth
 * Level 7.6 Spellcasting
 - Level 6.0 Conjurations


You had 17 spell levels left.
You knew the following spells:

 Your Spells              Type           Power      Damage    Failure   Level
a - Searing Ray           Conj           100%       2d8       3%          2
b - Conjure Flame         Conj/Fire      31%        6-21      17%         3
c - Magic Dart            Conj           100%       1d8       2%          1

Your spell library contained the following spells:

 Spells                   Type           Power      Damage    Failure   Level
 Foxfire                  Conj/Fire      100%       2x1d9     7%          1
 Dazzling Flash           Conj/Hex       62%        N/A       17%         3
 Scorch                   Fire           24%        2d6       28%         2
 Flame Wave               Conj/Fire      31%        2d9       45%         4
 Fulminant Prism          Conj/Hex       15%        3d11      45%         4
 Iskenderun's Mystic Bla  Conj/Tloc      31%        2d8       45%         4
 Inner Flame              Hex/Fire       12%        N/A       47%         3
 Olgreb's Toxic Radiance  Pois           12%        N/A       86%         4
 Summon Cactus Giant      Summ           6%         N/A       100%        6
 Ozocubu's Refrigeration  Ice            6%         4d8       100%        7
 Ignition                 Fire           6%         3d4       100%        8


Dungeon Overview and Level Annotations

Branches:
Dungeon (7/15)             Temple (1/1) D:6         Ossuary (visited)

Altars:
Ashenzari
Cheibriados
Dithmenos
Elyvilon
Fedhas
Gozag
Hepliaklqana
Makhleb
Nemelex Xobeh
Okawaru
Qazlal
Ru
Sif Muna
Uskayaw
Vehumet
Wu Jian
Xom
Zin
The Shining One

Shops:
D:4 *[!

Annotations:
D:2 exclusion: lorocyproca, Terence
D:4 1 runed translucent door, 1 exclusion, Sigmund
D:5 Menkaure


Innate Abilities, Weirdness & Mutations

You cannot be hasted, slowed, berserked, paralysed or teleported.
You can dig through walls and to a lower floor.
You have a pair of large antennae on your head. (SInv)
Your four strong arms can wield two-handed weapons with a shield.
Your mind is acute. (Int +4, Str/Dex -1)
Your body sometimes deteriorates upon taking damage.
Your flesh is heat resistant. (rF+)
Your spells are a little harder to cast, but a little more powerful.


Message History

The searing ray hits the wizard!
The wizard is heavily wounded.
The searing ray misses the green ugly thing.
You finish channelling your searing ray.
The wizard casts a spell at you.
You are cast into the Abyss!
This branch contains the abyssal rune of Zot.
Beware, you cannot shaft yourself on this level.
A quasit and a great orb of eyes come into view.
Found 21 gold pieces and a spear.
Why would you want to do that?
A large abomination comes into view.
Found 20 gold pieces.
You barely miss the large abomination. The large abomination misses you.
You hit the large abomination but do no damage.
The large abomination hits you but does no damage.
You slash the large abomination!
The large abomination is moderately damaged.
The large abomination hits you!
Your body deteriorates!
You feel dopey.
You hit the large abomination but do no damage.
The large abomination is moderately damaged.
The large abomination barely misses you.
The large abomination misses you.
You hit the large abomination but do no damage.
The large abomination is moderately damaged.
The large abomination hits you!!
You hear a chilling moan.
You slash the large abomination!
The large abomination is heavily damaged.
The large abomination hits you but does no damage.
A small abomination comes into view.
You hit the large abomination but do no damage.
The large abomination is heavily damaged.
A rakshasa comes into view. It is wielding a +0 whip.
A large abomination comes into view.
The large abomination hits you!!
You die...

{ # #### #
#R##x##..#.##$#
#..5≈..≈X...X.#
$## ##@## #.# #
### {# { { ## {


You could see a rakshasa, 2 large abominations, a small abomination and a
quasit.

Vanquished Creatures
  A yak (D:6)
  A steam dragon (D:6)
  2 water moccasins (D:6)
  A black bear (D:4)
  A sky beast (D:6)
  An ice beast (D:5)
  An ogre (D:5)
  A centaur (D:6)
  2 phantoms (D:6)
  A necrophage (D:6)
  A bullfrog (D:7)
  6 scorpions
  4 wights (D:6)
  A howler monkey (D:5)
  2 hounds
  4 jellies
  2 orc priests
  2 gnoll boudas (D:6)
  2 iguanas (D:5)
  An orc wizard (D:6)
  3 mummies (Ossuary)
  16 gnolls
  5 adders
  An adder zombie (Ossuary)
  2 worms (D:2)
  A dart slug (D:4)
  14 orcs
  15 ball pythons
  8 endoplasms
  4 giant cockroaches
  6 goblins
  5 hobgoblins
  6 kobolds
  4 quokkas
  3 bats
  4 frilled lizards
  2 goblin zombies (Ossuary)
  5 hobgoblin zombies (Ossuary)
  4 kobold zombies (Ossuary)
  3 quokka zombies (Ossuary)
  6 rats
  3 rat zombies (Ossuary)
157 creatures vanquished.

Notes
Turn   | Place    | Note
-------+----------+-------------------------------------------
     0 | D:1      | DildoBatman the Formicid Conjurer began the quest for the
                  | Orb.
     0 | D:1      | Reached XP level 1. HP: 13/13 MP: 3/3
   317 | D:1      | Reached XP level 2. HP: 11/20 MP: 3/5
   320 | D:1      | Learned a level 2 spell: Searing Ray
   960 | D:2      | Noticed Terence
   968 | D:1      | Reached skill level 1 in Fighting
   968 | D:1      | Reached skill level 1 in Armour
   968 | D:1      | Reached XP level 3. HP: 15/26 MP: 0/6
  1030 | D:2      | You fall into a shaft and drop 1 floor!
  1236 | D:3      | Reached XP level 4. HP: 32/32 MP: 2/8
  1242 | D:3      | Identified the +5 ring mail "Meod" {*Slow Dex+2 Slay+5}
  1385 | D:2      | Found a faded altar of an unknown god.
  1385 | D:2      | Noticed a lorocyproca
  1856 | D:3      | Found a shimmering blue altar of Sif Muna.
  2008 | D:3      | Reached skill level 3 in Spellcasting
  2008 | D:3      | Reached XP level 5. HP: 32/38 MP: 4/9
  2356 | D:4      | Found a sacrificial altar of Ru.
  2433 | D:4      | Reached XP level 6. HP: 43/46 MP: 5/11
  2463 | D:4      | Found Zuhaunle's Distillery.
  2675 | D:4      | Noticed a black bear
  2686 | D:4      | Killed a black bear
  2758 | D:4      | Found Teiroj's Assorted Antiques.
  2790 | D:4      | Found Kutooqu's Antique Armour Boutique.
  2822 | D:4      | Found a runed translucent door.
  3113 | D:4      | Bought a scroll labelled ECWISU JIWEKK for 25 gold pieces
  3113 | D:4      | Bought a scroll labelled AFAZXU CUAF for 25 gold pieces
  3113 | D:4      | Bought a scroll labelled VEZUEF NYCVY for 25 gold pieces
  3113 | D:4      | Bought a scroll labelled ECWISU JIWEKK for 25 gold pieces
  3142 | D:5      | Entered Level 5 of the Dungeon
  3146 | D:5      | Noticed Menkaure
  3186 | D:5      | Found a sand-covered staircase.
  3191 | Ossuary  | Entered an ossuary
  3202 | Ossuary  | Reached skill level 4 in Spellcasting
  3202 | Ossuary  | Reached XP level 7. HP: 52/52 MP: 4/13
  3323 | Ossuary  | Reached skill level 5 in Conjurations
  3544 | D:5      | Noticed Sigmund
  4282 | D:5      | Reached skill level 5 in Spellcasting
  4376 | D:5      | Reached XP level 8. HP: 33/58 MP: 10/16
  4430 | D:5      | Found an ornate altar of the Wu Jian Council.
  4762 | D:6      | Reached skill level 6 in Spellcasting
  4848 | D:6      | Found a staircase to the Ecumenical Temple.
  4877 | Temple   | Entered the Ecumenical Temple
  5050 | D:6      | Gained mutation: Your flesh is heat resistant. (rF+)
                  | [potion of mutation]
  5050 | D:6      | Gained mutation: Your spells are a little harder to cast,
                  | but a little more powerful. [potion of mutation]
  5050 | D:6      | Gained mutation: Your body sometimes deteriorates upon
                  | taking damage. [potion of mutation]
  5050 | D:6      | Gained mutation: Your mind is acute. (Int +4, Str/Dex -1)
                  | [potion of mutation]
  5303 | D:6      | Reached XP level 9. HP: 65/65 MP: 15/19
  5321 | D:6      | Reached skill level 7 in Spellcasting
  5333 | D:6      | Reached skill level 5 in Fighting
  5333 | D:6      | Reached skill level 5 in Armour
  5351 | D:6      | Learned a level 3 spell: Conjure Flame
  5645 | D:6      | Found a stormy altar of Qazlal.
  5769 | D:7      | Noticed a seven-headed hydra
  5859 | D:7      | Noticed a wizard
  5861 | D:7      | Noticed a green ugly thing
  5872 | Abyss:2  | Noticed a great orb of eyes
  5872 | Abyss:2  | Cast into level 2 of the Abyss (a wizard)
  5873 | Abyss:2  | Noticed a large abomination
  5886 | Abyss:2  | Noticed a rakshasa
  5886 | Abyss:2  | Mangled by a large abomination

Illustrated notes

Levels and vault maps discovered:
D:1:      minmay_arrival_loop, layout_basic, minmay_misc_feat_room,
          minmay_pentomino_u2
D:2:      layout_rooms, dreamdust_ecumenical_altar_sealed_demon, uniq_terence
D:3:      layout_basic, lemuel_blue_sif_altar, dk_vineyard_2,
          chequers_serial_rivers_micro_a, minmay_statues_item
D:4:      layout_cave_pools, nicolae_overflow_crystal_walls, serial_shops,
          kennysheep_mini_moat, nicolae_lakefront_shop, nicolae_shop_stone,
          kennysheep_opposing_triangles, uniq_crazy_yiuf_cottage
D:5:      layout_loops_corners, nicolae_wu_jian_immortal_techniques,
          nicolae_ossuary_entry_ruins, uniq_menkaure, uniq_sigmund
D:6:      layout_loops_cross, mainiacjoe_overflow_catwalk,
          minmay_temple_entry_mini_moons, minmay_fractal_squares_diagonal_5
D:7:      cheibrodos_wizards_tower, layout_basic,
          hangedman_abyss_or_decor_lesser_grid
Temple:   nicolae_temple_superstar
Abyss:2:  base: D:3, hangedman_cross_veins

Skill      XL: |  1  2  3  4  5  6  7  8  9 |
---------------+----------------------------+-----
Dodging        | 2 3 4 |  4.0
Fighting       | 1 2 3 4 5 |  5.9
Armour         | 1 2 3 4 6 |  6.0
Conjurations   | 4 6 |  6.0
Spellcasting   | 3 4 5 6 7 |  7.6
Stealth        | |  2.4

Action                   |  1- 3 |  4- 6 |  7- 9 || total
-------------------------+-------+-------+-------++-------
Melee: Staff             |    20 |    59 |    14 ||    93
       Punch             |       |     2 |     2 ||     4
       Rapier            |       |       |    44 ||    44
       Falchion          |       |       |    70 ||    70
 Fire: Shortbow          |       |       |     4 ||     4
 Cast: Magic Dart        |    52 |    36 |    12 ||   100
       Searing Ray       |       |    11 |    30 ||    41
       Conjure Flame     |       |       |     1 ||     1
 Abil: Dig               |       |     1 |       ||     1
  Use: Scroll            |       |       |     8 ||     8
       Potion            |       |       |     1 ||     1
 Stab: Sleeping          |       |       |     1 ||     1
       Distracted        |       |       |     1 ||     1
Armor: Robe              |    15 |       |       ||    15
       Ring mail         |       |    34 |    90 ||   124
Dodge: Dodged            |    35 |    65 |   110 ||   210
